 Dungeon Crawl Stone Soup version 0.29.1-4-g47bece8355 (webtiles) character file.

Game seed: 12938975987281172819

3 xSliceyx the Shield-Bearer (level 1, -11/19 HPs)
             Began as a Minotaur Fighter on Dec 5, 2022.
             Mangled by a goblin
             ... wielding a +2 dagger of electrocution
              (17 damage)
             ... on level 1 of the Dungeon.
             The game lasted 00:00:47 (142 turns).

xSliceyx the Shield-Bearer (Minotaur Fighter)        Turns: 142, Time: 00:00:47

Health: -11/19     AC:  7    Str: 20    XL:     1   Next: 41%
Magic:  0/0        EV:  9    Int:  5    God:
Gold:   13         SH:  4    Dex:  9    Spells: 0/0 levels left

rFire   . . .      SeeInvis .   a - +0 war axe
rCold   . . .      Faith    .   c - +0 buckler
rNeg    . . .      Spirit   .   b - +0 scale mail
rPois   .          Reflect  .   (helmet restricted)
rElec   .          Harm     .   (no cloak)
rCorr   .          Rampage  .   (no gloves)
Will    .....                   (no boots)
Stlth   ..........              (no amulet)
HPRegen 0.06/turn               (no ring)
MPRegen 0.07/turn               (no ring)

@: no status effects
A: horns 2, retaliatory headbutt
a: no special abilities


You were on level 1 of the Dungeon.
You visited 1 branch of the dungeon, and saw 1 of its levels.

You collected 13 gold pieces.

Inventory:

Hand Weapons
 a - a +0 war axe (weapon)
Armour
 b - a +0 scale mail (worn)
 c - a +0 buckler (worn)
Scrolls
 f - a scroll of amnesia {unknown}
Potions
 d - a potion of might
 e - a potion of degeneration {unknown}


   Skills:
 - Level 3.6 Fighting
 - Level 2.4 Axes
 + Level 3.8 Armour
 + Level 3.8 Shields


You couldn't memorise any spells.
You didn't know any spells.
Your spell library was empty.

Dungeon Overview and Level Annotations

Branches:
Dungeon (1/15)

Altars:


Innate Abilities, Weirdness & Mutations

You have a pair of horns on your head.
You reflexively headbutt those who attack you in melee.


Message History

You see here a hobgoblin corpse.
You see here a +0 mace.
Found 6 stones.
There is a staircase leading out of the dungeon here.
Found a falchion.
You now have 13 gold pieces (gained 8).
A ball python comes into view.
The ball python hisses angrily.
A ball python is nearby!
A ball python is nearby!
Found a scroll labelled ALAZE YPUFUI.
You closely miss the ball python. Your headbutt misses the ball python.
The ball python bites you but does no damage.
You block the ball python's attack. The ball python bites you.
The ball python barely misses you.
You barely miss the ball python.
The ball python bites you but does no damage.
You block the ball python's attack.
You slash the ball python!
You kill the ball python!
No target in view!
HP restored.
f - a scroll labelled ALAZE YPUFUI A rat comes into view.
You barely miss the rat. The rat bites you. The rat barely misses you.
You furiously retaliate!
You headbutt the rat.
You kill the rat!
No target in view!
You see here a rat corpse.
A goblin comes into view.
It is wielding a +2 dagger of electrocution.
A goblin is nearby!
The goblin hits you but does no damage.
You are electrocuted!
Ouch! That really hurt!
You are too injured to fight recklessly!
You hit the goblin.
The goblin is severely wounded.
The goblin hits you with a +2 dagger of electrocution.
You are electrocuted!
Ouch! That really hurt!
You die...

#.# .. #.# #.# #.# #.#
#.# .§..###.######.#
.§............†#######
#
....##.#............###
.....#.####.####...##
#..#.###.......#...
#.@...###.####...##
#g....# #.# ##.###
....###.# #.# #.. #
##.## .# #.# ##.## #.
.. ..# .## # .#. . .#.#
. . .


You could see a goblin.

Vanquished Creatures
  A ball python (D:1)
  A hobgoblin (D:1)
  A rat (D:1)
3 creatures vanquished.

Notes
Turn   | Place    | Note
-------+----------+-------------------------------------------
     0 | D:1      | xSliceyx the Minotaur Fighter began the quest for the Orb.
     0 | D:1      | Reached XP level 1. HP: 19/19 MP: 0/0
     6 | D:1      | Found a faded altar of an unknown god.
   142 | D:1      | Mangled by a goblin

Illustrated notes

Levels and vault maps discovered:
D:1:      lightli_arrival_chessboard, layout_loops_ring,
          shapermc_ecumenical_altar_totnotflames,
          nicolae_kite_square_tiling_tiny

Action                   || total
-------------------------++-------
Melee: War axe           ||     8
Armor: Scale mail        ||     5
Dodge: Dodged            ||     2
Block: Buckler           ||     2
